Flames vs Canadiens

Created - May 29, 2023 at 19:44

Goals
1 2 3 T
Flames 3 1 1 5
Canadiens 3 2 1 6
Shots
1 2 3 T
Flames 11 10 6 27
Canadiens 13 12 9 34

1st period

1. Canadiens , Nikita Kucherov 40 (Chris Kreider 61, Mika Zibanejad 50) at 0:04
2. Flames , Patrik Berglund 32 (Christian Folin 15) at 2:58
3. Flames , Eric Staal 39 (Brad Marchand 45) at 3:13
4. Canadiens , Greg Stewart 26 (Jean-Gabriel Pageau 35, Kevin Shattenkirk 40) at 10:09
5. Flames , Kyle Palmieri 14 (Colby Robak 15) at 15:16
6. Canadiens , Mattias Tedenby 8 (Brandon Bollig 8, Corban Knight 12) at 18:55

Penalties :
David Ullstrom (Cal) for Slashing (Minor) at 0:44, Erik Johnson (Cal) for Hooking (Minor) at 4:11, David Ullstrom (Cal) for Tripping (Minor) at 12:59

2nd period

7. Flames , Eric Staal 40 (Colby Robak 16) at 5:17
8. Canadiens , Chris Kreider 44 (Nikita Kucherov 47, Mika Zibanejad 51) at 14:50
9. Canadiens , Adam Fox 7 (Kevin Shattenkirk 41, Chris Kreider 62) at 15:46 (PP)

Penalties :
Sean Zimmerman (Mon) for Slashing (Minor) at 1:49, Kevin Shattenkirk (Mon) for Hooking (Minor) at 8:00, Christian Folin (Cal) for Tripping (Minor) at 15:28, Scott Hartnell (Mon) for Holding (Minor) at 18:08, Mike Richards (Mon) for Elbowing (Minor) at 19:00

3rd period

10. Canadiens , Rickard Rakell 16 (Sean Zimmerman 20, Greg Stewart 34) at 12:34
11. Flames , Kyle Palmieri 15 (David Ullstrom 19, Colin Wilson 15) at 14:06

Penalties :
Kevin Shattenkirk (Mon) for Holding Stick (Minor) at 5:28, Jordan Szwarz (Mon) for Roughing (Minor) at 10:15

Goalie Stats

Henrik Lundqvist (Cal), 28 saves from 34 shots - (0.824), L, 28-22-5, 59:27 minutes
Robin Lehner (Mon), 22 saves from 27 shots - (0.815), W, 28-31-10, 60:00 minutes

Players Stats for Flames

Player Name              G  A  P  +/- PIM S  H  SB GA TA FO     MP     PP MP  PK MP  
------------------------------------------------------------------------------------
Anders Lee               0  0  0   0  0   2  0  0  0  0  0/1     5:24   0:00   0:00 
Brad Marchand            0  1  1   1  0   2  2  0  1  0  1/2    23:58   6:11   3:32 
Brendan Mikkelson        0  0  0   0  0   0  1  0  0  0  0/0    11:45   0:00   1:14 
Bryan Rust               0  0  0   1  0   2  2  1  0  1  1/2    20:48   4:36   2:25 
Christian Folin          0  1  1   3  2   0  3  0  0  0  0/0    20:52   4:18   2:52 
Colby Robak              0  2  2   2  0   1  1  2  0  1  0/0    13:54   0:00   2:52 
Colin Wilson             0  1  1  -1  0   1  0  0  1  1  2/5    11:14   0:00   0:00 
David Ullstrom           0  1  1   1  4   1  2  0  0  0  0/0    12:19   0:00   0:05 
Eric Staal               2  0  2   0  0   5  2  1  0  0  14/29  21:57   4:36   3:22 
Erik Johnson             0  0  0  -3  2   2  2  2  1  0  0/0    27:50   6:29   2:09 
Esa Lindell              0  0  0   1  0   1  1  1  0  0  0/0    17:28   4:18   0:00 
Jimmy Hayes              0  0  0  -1  0   1  6  0  1  0  1/1    17:57   6:11   0:00 
Kevin Labanc             0  0  0   0  0   0  1  0  0  0  0/0     5:24   0:00   0:00 
Kyle Palmieri            2  0  2   0  0   4  0  0  0  0  0/0    12:29   0:00   0:28 
Patrik Berglund          1  0  1   0  0   2  2  0  0  2  18/31  20:10   6:11   2:25 
Sami Vatanen             0  0  0  -3  0   3  3  3  1  0  0/0    28:38   6:29   3:23 
Tanner Pearson           0  0  0  -1  0   0  2  0  0  0  1/1    16:10   4:36   0:13 
Vladimir Sobotka         0  0  0   0  0   0  1  0  0  0  0/0     5:24   0:00   0:00 

Players Stats for Canadiens

Player Name              G  A  P  +/- PIM S  H  SB GA TA FO     MP     PP MP  PK MP  
------------------------------------------------------------------------------------
Adam Fox                 1  0  1   1  0   2  1  0  0  0  0/0    17:35   3:57   0:00 
Brandon Bollig           0  1  1   0  0   0  2  2  0  1  1/2     9:59   0:00   3:53 
Brian Dumoulin           0  0  0  -3  0   0  0  0  0  0  0/0    11:15   0:00   1:32 
Cam Fowler               0  0  0   1  0   2  0  0  1  0  0/0    28:27   2:18   7:15 
Chris Kreider            1  2  3   1  0   4  1  0  0  0  1/1    17:37   3:32   0:00 
Corban Knight            0  1  1   0  0   1  0  0  1  0  2/3     9:41   0:00   3:28 
Greg Stewart             1  1  2   1  0   6  1  0  1  1  1/2    16:05   2:43   0:00 
Jean-Gabriel Pageau      0  1  1   1  0   3  3  0  0  0  6/20   18:27   2:43   1:09 
Jordan Szwarz            0  0  0  -2  2   1  0  0  1  0  0/1     9:27   0:00   0:00 
Kevin Shattenkirk        0  2  2   2  4   1  0  3  1  1  0/0    26:14   3:57   2:21 
Mark Stuart              0  0  0   1  0   0  1  0  0  0  0/0    22:39   2:18   6:52 
Mattias Tedenby          1  0  1   0  0   1  0  0  0  0  0/0     5:50   0:00   0:00 
Mika Zibanejad           0  2  2   1  0   4  3  0  0  0  13/21  17:50   3:32   0:13 
Mike Richards            0  0  0  -2  2   1  0  2  0  1  7/16   14:08   0:00   5:56 
Nikita Kucherov          1  1  2   1  0   4  1  1  0  0  1/1    17:37   3:32   0:00 
Rickard Rakell           1  0  1   1  0   2  1  0  0  1  1/3    16:05   2:43   0:00 
Scott Hartnell           0  0  0  -2  2   1  0  1  0  0  1/2    15:11   0:00   5:47 
Sean Zimmerman           0  1  1  -2  2   1  2  0  0  0  0/0    13:53   0:00   3:34 

3 Stars

1 - Chris Kreider (Mon)
2 - Eric Staal (Cal)
3 - Nikita Kucherov (Mon)

Power Play

Flames - 0 on 6 Attempt(s) - 0.00%
Canadiens - 1 on 4 Attempt(s) - 25.00%

Penalty Kill

Flames - 3 on 4 Attempt(s) - 75.00% - Score 0 goal in Penalty Kill
Canadiens - 6 on 6 Attempt(s) - 100.00% - Score 0 goal in Penalty Kill

Team Stat

Flames - Hits : 31 - Faceoff Wins : 38 - Blocked Shots : 10 - Penalty Minutes : 8
Canadiens - Hits : 16 - Faceoff Wins : 34 - Blocked Shots : 9 - Penalty Minutes : 12

Official

Referees : Jean Hebert and Chris Schlenker
Linesman : Steve Miller and Devin Berg

Game Notes

No Game Note

Finance

Level 1 -- Attendance: 5879 (97.98%) -- Ticket Income $587,900
Level 2 -- Attendance: 4574 (91.48%) -- Ticket Income $274,440
Level 3 -- Attendance: 2000 (100.00%) -- Ticket Income $70,000
Level 4 -- Attendance: 3872 (96.80%) -- Ticket Income $96,800
Luxury Box -- Attendance: 1000 (100.00%) -- Ticket Income $200,000
Game was played at the Centre Bell.
Total Attendance: 17325 (96.25%)
Total Ticket Income: $1,229,140
Other Income: $184,371
Total Income: $1,413,511

Flames

5 vs 5 Forward 
   Center                   Left Wing                Right Wing               Time % Phy DF OF 
 1 Eric Staal               Brad Marchand            Bryan Rust               38     1   2  2  
 2 Patrik Berglund          Tanner Pearson           Jimmy Hayes              33     1   2  2  
 3 Colin Wilson             David Ullstrom           Kyle Palmieri            19     1   2  2  
 4 Anders Lee               Vladimir Sobotka         Kevin Labanc             10     1   2  2  

5 vs 5 Defense 
   Defense                  Defense                                           Time % Phy DF OF 
 1 Erik Johnson             Sami Vatanen                                      40     1   2  2  
 2 Esa Lindell              Christian Folin                                   30     1   2  2  
 3 Colby Robak              Brendan Mikkelson                                 20     1   2  2  
 4 Erik Johnson             Sami Vatanen                                      10     1   2  2  

PowerPlay Forward 
   Center                   Left Wing                Right Wing               Time % Phy DF OF 
 1 Patrik Berglund          Brad Marchand            Jimmy Hayes              60     1   2  2  
 2 Eric Staal               Tanner Pearson           Bryan Rust               40     1   2  2  

PowerPlay Defense
   Defense                  Defense                                           Time % Phy DF OF 
 1 Erik Johnson             Sami Vatanen                                      60     1   2  2  
 2 Esa Lindell              Christian Folin                                   40     1   2  2  

Penalty Kill 4 Players Forward 
   Center                   Wing                     Time % Phy DF OF 
 1 Eric Staal               Brad Marchand            60     1   3  1  
 2 Patrik Berglund          Bryan Rust               40     1   3  1  

Penalty Kill 4 Players Defense
   Defense                  Defense                  Time % Phy DF OF 
 1 Erik Johnson             Sami Vatanen             60     1   3  1  
 2 Colby Robak              Christian Folin          40     1   3  1  

Penalty Kill - 3 Players Forward 
   Forward                                           Time % Phy DF OF 
 1 Eric Staal                                        60     1   3  1  
 2 Patrik Berglund                                   40     1   3  1  

Penalty Kill - 3 Players Defense
   Defense                  Defense                  Time % Phy DF OF 
 1 Erik Johnson             Sami Vatanen             60     1   3  1  
 2 Colby Robak              Christian Folin          40     1   3  1  

4 vs 4 Forward 
   Center                   Wing                     Time % Phy DF OF 
 1 Patrik Berglund          Brad Marchand            60     1   2  2  
 2 Eric Staal               Bryan Rust               40     1   2  2  

4 vs 4 Defense
   Defense                  Defense                  Time % Phy DF OF 
 1 Erik Johnson             Sami Vatanen             60     1   2  2  
 2 Esa Lindell              Christian Folin          40     1   2  2  

Last Minutes Offensive
   Center                   Left Wing                Right Wing               Defense                  Defense                  
   Eric Staal               Brad Marchand            Jimmy Hayes              Erik Johnson             Sami Vatanen             

Last Minutes Defensive
   Center                   Left Wing                Right Wing               Defense                  Defense                  
   Eric Staal               Brad Marchand            Bryan Rust               Erik Johnson             Sami Vatanen             

Goaltenders
Starting : Henrik Lundqvist         
Backup : Christopher Gibson       

Extra Forwards
Normal : Patrik Berglund, Brad Marchand, Tanner Pearson - PP : Tanner Pearson, Bryan Rust - PK : Kyle Palmieri
Extra Defensemen
Normal : Christian Folin, Colby Robak, Esa Lindell - PP : Esa Lindell - PK : Brendan Mikkelson, Colby Robak
Penalty Shots
Tanner Pearson, Eric Staal, Jimmy Hayes, Patrik Berglund, Anders Lee

Scratches
David Savard (Healthy), Jake DeBrusk (Healthy), Nathan Lieuwen (Healthy)

Canadiens

5 vs 5 Forward 
   Center                   Left Wing                Right Wing               Time % Phy DF OF 
 1 Mika Zibanejad           Chris Kreider            Nikita Kucherov          35     0   2  3  
 2 Jean-Gabriel Pageau      Greg Stewart             Rickard Rakell           35     0   2  3  
 3 Mike Richards            Scott Hartnell           Jordan Szwarz            20     0   2  3  
 4 Corban Knight            Brandon Bollig           Mattias Tedenby          10     0   2  3  

5 vs 5 Defense 
   Defense                  Defense                                           Time % Phy DF OF 
 1 Kevin Shattenkirk        Cam Fowler                                        40     0   3  2  
 2 Mark Stuart              Adam Fox                                          30     0   3  2  
 3 Brian Dumoulin           Sean Zimmerman                                    20     0   3  2  
 4 Cam Fowler               Kevin Shattenkirk                                 10     0   3  2  

PowerPlay Forward 
   Center                   Left Wing                Right Wing               Time % Phy DF OF 
 1 Mika Zibanejad           Chris Kreider            Nikita Kucherov          60     0   2  3  
 2 Jean-Gabriel Pageau      Greg Stewart             Rickard Rakell           40     0   2  3  

PowerPlay Defense
   Defense                  Defense                                           Time % Phy DF OF 
 1 Kevin Shattenkirk        Adam Fox                                          60     0   2  3  
 2 Cam Fowler               Mark Stuart                                       40     0   2  3  

Penalty Kill 4 Players Forward 
   Center                   Wing                     Time % Phy DF OF 
 1 Mike Richards            Scott Hartnell           60     0   4  1  
 2 Corban Knight            Brandon Bollig           40     0   4  1  

Penalty Kill 4 Players Defense
   Defense                  Defense                  Time % Phy DF OF 
 1 Cam Fowler               Mark Stuart              60     0   5  0  
 2 Sean Zimmerman           Kevin Shattenkirk        40     0   5  0  

Penalty Kill - 3 Players Forward 
   Forward                                           Time % Phy DF OF 
 1 Jean-Gabriel Pageau                               60     0   5  0  
 2 Mika Zibanejad                                    40     0   5  0  

Penalty Kill - 3 Players Defense
   Defense                  Defense                  Time % Phy DF OF 
 1 Cam Fowler               Mark Stuart              60     0   5  0  
 2 Sean Zimmerman           Kevin Shattenkirk        40     0   5  0  

4 vs 4 Forward 
   Center                   Wing                     Time % Phy DF OF 
 1 Jean-Gabriel Pageau      Chris Kreider            60     0   2  3  
 2 Mika Zibanejad           Nikita Kucherov          40     0   2  3  

4 vs 4 Defense
   Defense                  Defense                  Time % Phy DF OF 
 1 Adam Fox                 Brian Dumoulin           60     0   2  3  
 2 Cam Fowler               Mark Stuart              40     1   2  2  

Last Minutes Offensive
   Center                   Left Wing                Right Wing               Defense                  Defense                  
   Mika Zibanejad           Chris Kreider            Nikita Kucherov          Kevin Shattenkirk        Cam Fowler               

Last Minutes Defensive
   Center                   Left Wing                Right Wing               Defense                  Defense                  
   Jean-Gabriel Pageau      Scott Hartnell           Jordan Szwarz            Mark Stuart              Cam Fowler               

Goaltenders
Starting : Robin Lehner             
Backup : Allen York               

Extra Forwards
Normal : Chris Kreider, Mika Zibanejad, Jean-Gabriel Pageau - PP : Chris Kreider, Mika Zibanejad - PK : Scott Hartnell
Extra Defensemen
Normal : Kevin Shattenkirk, Cam Fowler, Mark Stuart - PP : Kevin Shattenkirk - PK : Cam Fowler, Mark Stuart
Penalty Shots
Chris Kreider, Jean-Gabriel Pageau, Mika Zibanejad, Nikita Kucherov, Rickard Rakell

Scratches
Philip Larsen (Healthy)

% Time on Ice - Flames

Lines # - Real PCT - Wanted PCT - Time Play
Normal Forward
1 - 34% - 38% - 14:17
2 - 27% - 33% - 11:36
3 - 26% - 19% - 11:14
4 - 13% - 10% - 5:24
Normal Defense
1 - 42% - 40% - 17:43
2 - 31% - 30% - 13:16
3 - 25% - 20% - 10:29
4 - 2% - 10% - 1:03
PP Forward
1 - 57% - 60% - 6:11
2 - 43% - 40% - 4:36
PP Defense
1 - 60% - 60% - 6:29
2 - 40% - 40% - 4:18
PK Forward
1 - 61% - 60% - 3:50
2 - 39% - 40% - 2:25
PK Defense
1 - 54% - 60% - 3:23
2 - 46% - 40% - 2:52
PK3 Forward
1 - 0% - 60%
2 - 0% - 40%
PK3 Defense
1 - 0% - 60%
2 - 0% - 40%
44 Forward
1 - 0% - 60%
2 - 0% - 40%
44 Defense
1 - 0% - 60%
2 - 0% - 40%
Last Minute Offensive  - 0:27
Last Minute Defensive  - 0:00
Total
Forward - 60:00
Defense - 60:00

% Time on Ice - Canadiens

Lines # - Real PCT - Wanted PCT - Time Play
Normal Forward
1 - 34% - 35% - 14:13
2 - 33% - 35% - 13:37
3 - 19% - 20% - 8:05
4 - 14% - 10% - 5:50
Normal Defense
1 - 41% - 40% - 17:08
2 - 35% - 30% - 14:38
3 - 22% - 20% - 9:10
4 - 2% - 10% - 0:49
PP Forward
1 - 57% - 60% - 3:32
2 - 43% - 40% - 2:43
PP Defense
1 - 63% - 60% - 3:57
2 - 37% - 40% - 2:18
PK Forward
1 - 76% - 60% - 7:21
2 - 24% - 40% - 2:19
PK Defense
1 - 54% - 60% - 5:11
2 - 46% - 40% - 4:29
PK3 Forward
1 - 81% - 60% - 0:54
2 - 19% - 40% - 0:13
PK3 Defense
1 - 85% - 60% - 0:57
2 - 15% - 40% - 0:10
44 Forward
1 - 0% - 60%
2 - 0% - 40%
44 Defense
1 - 0% - 60%
2 - 0% - 40%
Last Minute Offensive  - 0:00
Last Minute Defensive  - 1:13
Total
Forward - 60:00
Defense - 60:00

Play-by-Play

1st period


0:01 of 1st period - Mika Zibanejad wins face-off versus Eric Staal in neutral zone.
0:04 of 1st period - Slapshot by Chris Kreider.
0:04 of 1st period - Deflect By Nikita Kucherov.
0:04 of 1st period - Goal by Nikita Kucherov - Flames : 0 - Canadiens : 1.
0:05 of 1st period - Patrik Berglund wins face-off versus Jean-Gabriel Pageau in neutral zone.
0:08 of 1st period - Greg Stewart is hit by Christian Folin and loses puck.
0:35 of 1st period - Snap shot by Jordan Szwarz.
0:35 of 1st period - Shot Blocked by Esa Lindell.
0:37 of 1st period - Snap shot by Jordan Szwarz.
0:37 of 1st period - Shot Misses the Net.
0:39 of 1st period - Slapshot by Scott Hartnell.
0:39 of 1st period - Shot Misses the Net.
0:44 of 1st period - Minor Penalty to David Ullstrom for Slashing.
0:45 of 1st period - Eric Staal wins face-off versus Mika Zibanejad in Flames zone.
2:12 of 1st period - Christian Folin is hit by Jean-Gabriel Pageau and loses puck.
2:44 of 1st period - Penalty to David Ullstrom is over, David Ullstrom is back on ice.
2:51 of 1st period - Sean Zimmerman is hit by Christian Folin and loses puck.
2:58 of 1st period - Snap shot by Patrik Berglund.
2:58 of 1st period - Goal by Patrik Berglund - Flames : 1 - Canadiens : 1.
2:59 of 1st period - Eric Staal wins face-off versus Mika Zibanejad in neutral zone.
3:13 of 1st period - Wrist shot by Eric Staal.
3:13 of 1st period - Goal by Eric Staal - Flames : 2 - Canadiens : 1.
3:14 of 1st period - Eric Staal wins face-off versus Mika Zibanejad in neutral zone.
3:21 of 1st period - Snap shot by Mika Zibanejad.
3:21 of 1st period - Stopped by Henrik Lundqvist without a rebound.
3:22 of 1st period - Mika Zibanejad wins face-off versus Eric Staal in Flames zone.
3:25 of 1st period - Snap shot by Chris Kreider.
3:25 of 1st period - Shot Misses the Net.
3:27 of 1st period - Snap shot by Mika Zibanejad.
3:27 of 1st period - Shot Misses the Net.
3:29 of 1st period - Wrist shot by Mika Zibanejad.
3:29 of 1st period - Shot Blocked by Erik Johnson.
3:43 of 1st period - Bryan Rust is hit by Mika Zibanejad and loses puck.
4:02 of 1st period - Wrist shot by Nikita Kucherov.
4:02 of 1st period - Shot Misses the Net.
4:11 of 1st period - Minor Penalty to Erik Johnson for Hooking.
4:12 of 1st period - Eric Staal wins face-off versus Jean-Gabriel Pageau in Flames zone.
4:25 of 1st period - Off-side.
4:26 of 1st period - Patrik Berglund wins face-off versus Mika Zibanejad in neutral zone.
4:28 of 1st period - Off-side.
4:29 of 1st period - Bryan Rust wins face-off versus Mika Zibanejad in neutral zone.
5:17 of 1st period - Mika Zibanejad is hit by Colby Robak.
5:41 of 1st period - Nikita Kucherov is hit by Bryan Rust and loses puck.
5:58 of 1st period - Mark Stuart is hit by Bryan Rust and loses puck.
6:11 of 1st period - Penalty to Erik Johnson is over, Erik Johnson is back on ice.
6:53 of 1st period - Wrist shot by Kevin Labanc.
6:53 of 1st period - Shot Misses the Net.
6:55 of 1st period - Snap shot by Sami Vatanen.
6:55 of 1st period - Stopped by Robin Lehner without a rebound.
6:56 of 1st period - Jean-Gabriel Pageau wins face-off versus Patrik Berglund in Canadiens zone.
6:56 of 1st period - Jean-Gabriel Pageau is hit by Jimmy Hayes.
7:21 of 1st period - Sean Zimmerman is hit by Esa Lindell and loses puck.
8:55 of 1st period - Mika Zibanejad is hit by Brad Marchand and loses puck.
9:03 of 1st period - Eric Staal is hit by Chris Kreider and loses puck.
9:14 of 1st period - Slapshot by Erik Johnson.
9:14 of 1st period - Deflect By Rickard Rakell.
9:14 of 1st period - Stopped by Robin Lehner without a rebound.
9:15 of 1st period - Patrik Berglund wins face-off versus Jean-Gabriel Pageau in Canadiens zone.
9:18 of 1st period - Slapshot by Patrik Berglund.
9:18 of 1st period - Shot Misses the Net.
9:30 of 1st period - Snap shot by Jean-Gabriel Pageau.
9:30 of 1st period - Stopped by Henrik Lundqvist without a rebound.
9:31 of 1st period - Colin Wilson wins face-off versus Mika Zibanejad in Flames zone.
10:07 of 1st period - Wrist shot by Jean-Gabriel Pageau.
10:07 of 1st period - Shot Misses the Net.
10:09 of 1st period - Snap shot by Greg Stewart.
10:09 of 1st period - Goal by Greg Stewart - Flames : 2 - Canadiens : 2.
10:10 of 1st period - Patrik Berglund wins face-off versus Greg Stewart in neutral zone.
10:25 of 1st period - Snap shot by Greg Stewart.
10:25 of 1st period - Stopped by Henrik Lundqvist with a rebound.
10:42 of 1st period - Slapshot by Kevin Shattenkirk.
10:42 of 1st period - Deflect By Nikita Kucherov.
10:42 of 1st period - Shot Blocked by Bryan Rust.
10:42 of 1st period - Puck is out of play.
10:43 of 1st period - Brad Marchand wins face-off versus Mika Zibanejad in Flames zone.
10:48 of 1st period - Snap shot by Bryan Rust.
10:48 of 1st period - Deflect By Eric Staal.
10:48 of 1st period - Stopped by Robin Lehner without a rebound.
10:49 of 1st period - Mika Zibanejad wins face-off versus Patrik Berglund in Canadiens zone.
11:25 of 1st period - Snap shot by Rickard Rakell.
11:25 of 1st period - Stopped by Henrik Lundqvist with a rebound.
12:13 of 1st period - Icing by Sami Vatanen.
12:14 of 1st period - Corban Knight wins face-off versus Colin Wilson in Flames zone.
12:47 of 1st period - Slapshot by Kyle Palmieri.
12:47 of 1st period - Stopped by Robin Lehner with a rebound.
12:49 of 1st period - Slapshot by Erik Johnson.
12:49 of 1st period - Shot Misses the Net.
12:59 of 1st period - Minor Penalty to David Ullstrom for Tripping.
13:00 of 1st period - Mika Zibanejad wins face-off versus Eric Staal in Flames zone.
13:01 of 1st period - Wrist shot by Chris Kreider.
13:01 of 1st period - Shot Blocked by Colby Robak.
13:03 of 1st period - Wrist shot by Nikita Kucherov.
13:03 of 1st period - Shot Misses the Net.
13:09 of 1st period - Wrist shot by Nikita Kucherov.
13:09 of 1st period - Stopped by Henrik Lundqvist with a rebound.
13:11 of 1st period - Wrist shot by Mika Zibanejad.
13:11 of 1st period - Shot Blocked by Colby Robak.
13:13 of 1st period - Slapshot by Nikita Kucherov.
13:13 of 1st period - Deflect By Christian Folin.
13:13 of 1st period - Stopped by Henrik Lundqvist without a rebound.
13:14 of 1st period - Mika Zibanejad wins face-off versus Eric Staal in Flames zone.
14:59 of 1st period - Penalty to David Ullstrom is over, David Ullstrom is back on ice.
15:14 of 1st period - Slapshot by Colby Robak.
15:14 of 1st period - Stopped by Robin Lehner with a rebound.
15:16 of 1st period - Slapshot by Colby Robak.
15:16 of 1st period - Deflect By Kyle Palmieri.
15:16 of 1st period - Goal by Kyle Palmieri - Flames : 3 - Canadiens : 2.
15:17 of 1st period - Patrik Berglund wins face-off versus Jean-Gabriel Pageau in neutral zone.
15:28 of 1st period - Greg Stewart is hit by Jimmy Hayes and loses puck.
15:43 of 1st period - Sami Vatanen is hit by Sean Zimmerman and loses puck.
15:52 of 1st period - Wrist shot by Chris Kreider.
15:52 of 1st period - Stopped by Henrik Lundqvist without a rebound.
15:53 of 1st period - Eric Staal wins face-off versus Jean-Gabriel Pageau in Flames zone.
16:00 of 1st period - Wrist shot by Eric Staal.
16:00 of 1st period - Shot Blocked by Kevin Shattenkirk.
16:02 of 1st period - Slapshot by Eric Staal.
16:02 of 1st period - Shot Misses the Net.
16:04 of 1st period - Snap shot by Eric Staal.
16:04 of 1st period - Shot Blocked by Kevin Shattenkirk.
16:06 of 1st period - Wrist shot by Brad Marchand.
16:06 of 1st period - Shot Misses the Net.
16:50 of 1st period - Snap shot by Mike Richards.
16:50 of 1st period - Shot Misses the Net.
17:20 of 1st period - Snap shot by Jean-Gabriel Pageau.
17:20 of 1st period - Stopped by Henrik Lundqvist with a rebound.
17:24 of 1st period - Snap shot by Greg Stewart.
17:24 of 1st period - Stopped by Henrik Lundqvist without a rebound.
17:25 of 1st period - Patrik Berglund wins face-off versus Jean-Gabriel Pageau in Flames zone.
17:50 of 1st period - Esa Lindell is hit by Mika Zibanejad and loses puck.
18:19 of 1st period - Slapshot by Brad Marchand.
18:19 of 1st period - Stopped by Robin Lehner without a rebound.
18:20 of 1st period - Patrik Berglund wins face-off versus Brandon Bollig in Canadiens zone.
18:25 of 1st period - Slapshot by Patrik Berglund.
18:25 of 1st period - Stopped by Robin Lehner with a rebound.
18:53 of 1st period - Slapshot by Corban Knight.
18:53 of 1st period - Stopped by Henrik Lundqvist with a rebound.
18:55 of 1st period - Snap shot by Brandon Bollig.
18:55 of 1st period - Deflect By Mattias Tedenby.
18:55 of 1st period - Goal by Mattias Tedenby - Flames : 3 - Canadiens : 3.
18:56 of 1st period - Eric Staal wins face-off versus Rickard Rakell in neutral zone.
19:23 of 1st period - Nikita Kucherov is hit by Tanner Pearson and loses puck.
19:53 of 1st period - Snap shot by David Ullstrom.
19:53 of 1st period - Deflect By Kyle Palmieri.
19:53 of 1st period - Stopped by Robin Lehner with a rebound.
Goals for this period are 3 for Flames vs 3 for Canadiens.
Shots for this period are 11 for Flames vs 13 for Canadiens.

2nd period


0:01 of 2nd period - Eric Staal wins face-off versus Jean-Gabriel Pageau in neutral zone.
0:10 of 2nd period - Brad Marchand is hit by Jean-Gabriel Pageau.
0:18 of 2nd period - Eric Staal is hit by Rickard Rakell.
1:13 of 2nd period - Snap shot by Kyle Palmieri.
1:13 of 2nd period - Shot Misses the Net.
1:28 of 2nd period - Off-side.
1:29 of 2nd period - Jean-Gabriel Pageau wins face-off versus Eric Staal in neutral zone.
1:36 of 2nd period - Snap shot by Greg Stewart.
1:36 of 2nd period - Stopped by Henrik Lundqvist without a rebound.
1:37 of 2nd period - Eric Staal wins face-off versus Rickard Rakell in Flames zone.
1:49 of 2nd period - Minor Penalty to Sean Zimmerman for Slashing.
1:50 of 2nd period - Jimmy Hayes wins face-off versus Scott Hartnell in Canadiens zone.
3:17 of 2nd period - Icing by Christian Folin.
3:18 of 2nd period - Patrik Berglund wins face-off versus Corban Knight in Flames zone.
3:49 of 2nd period - Penalty to Sean Zimmerman is over, Sean Zimmerman is back on ice.
4:35 of 2nd period - Nikita Kucherov is hit by Christian Folin and loses puck.
5:11 of 2nd period - Off-side.
5:12 of 2nd period - Eric Staal wins face-off versus Mike Richards in neutral zone.
5:17 of 2nd period - Wrist shot by Eric Staal.
5:17 of 2nd period - Goal by Eric Staal - Flames : 4 - Canadiens : 3.
5:18 of 2nd period - Eric Staal wins face-off versus Mika Zibanejad in neutral zone.
5:21 of 2nd period - Snap shot by Erik Johnson.
5:21 of 2nd period - Shot Blocked by Nikita Kucherov.
5:23 of 2nd period - Wrist shot by Eric Staal.
5:23 of 2nd period - Shot Misses the Net.
5:45 of 2nd period - Chris Kreider is hit by David Ullstrom.
5:54 of 2nd period - Mika Zibanejad is hit by Sami Vatanen and loses puck.
6:39 of 2nd period - Sean Zimmerman is hit by Kevin Labanc and loses puck.
7:04 of 2nd period - Snap shot by Scott Hartnell.
7:04 of 2nd period - Stopped by Henrik Lundqvist with a rebound.
7:15 of 2nd period - Off-side.
7:16 of 2nd period - Colin Wilson wins face-off versus Jean-Gabriel Pageau in neutral zone.
8:00 of 2nd period - Minor Penalty to Kevin Shattenkirk for Hooking.
8:01 of 2nd period - Mike Richards wins face-off versus Patrik Berglund in Canadiens zone.
8:54 of 2nd period - Christian Folin is hit by Sean Zimmerman and loses puck.
9:07 of 2nd period - Mike Richards is hit by Eric Staal and loses puck.
9:20 of 2nd period - Wrist shot by Corban Knight.
9:20 of 2nd period - Shot Misses the Net.
9:22 of 2nd period - Slapshot by Sean Zimmerman.
9:22 of 2nd period - Stopped by Henrik Lundqvist without a rebound.
9:23 of 2nd period - Brandon Bollig wins face-off versus Eric Staal in Flames zone.
10:00 of 2nd period - Penalty to Kevin Shattenkirk is over, Kevin Shattenkirk is back on ice.
10:14 of 2nd period - Snap shot by David Ullstrom.
10:14 of 2nd period - Stopped by Robin Lehner with a rebound.
10:22 of 2nd period - Snap shot by Rickard Rakell.
10:22 of 2nd period - Shot Misses the Net.
10:36 of 2nd period - Cam Fowler is hit by Vladimir Sobotka and loses puck.
10:41 of 2nd period - Slapshot by Christian Folin.
10:41 of 2nd period - Shot Blocked by Kevin Shattenkirk.
10:43 of 2nd period - Slapshot by Esa Lindell.
10:43 of 2nd period - Deflect By Anders Lee.
10:43 of 2nd period - Stopped by Robin Lehner without a rebound.
10:44 of 2nd period - Patrik Berglund wins face-off versus Jean-Gabriel Pageau in Canadiens zone.
10:53 of 2nd period - Wrist shot by Adam Fox.
10:53 of 2nd period - Deflect By Esa Lindell.
10:53 of 2nd period - Stopped by Henrik Lundqvist with a rebound.
10:55 of 2nd period - Slapshot by Adam Fox.
10:55 of 2nd period - Deflect By Greg Stewart.
10:55 of 2nd period - Stopped by Henrik Lundqvist with a rebound.
11:37 of 2nd period - Wrist shot by Colin Wilson.
11:37 of 2nd period - Stopped by Robin Lehner without a rebound.
11:38 of 2nd period - Jean-Gabriel Pageau wins face-off versus Patrik Berglund in Canadiens zone.
12:32 of 2nd period - Slapshot by Nikita Kucherov.
12:32 of 2nd period - Shot Misses the Net.
12:34 of 2nd period - Wrist shot by Mika Zibanejad.
12:34 of 2nd period - Stopped by Henrik Lundqvist with a rebound.
12:36 of 2nd period - Slapshot by Kevin Shattenkirk.
12:36 of 2nd period - Shot Misses the Net.
12:38 of 2nd period - Slapshot by Cam Fowler.
12:38 of 2nd period - Stopped by Henrik Lundqvist without a rebound.
12:39 of 2nd period - Tanner Pearson wins face-off versus Mike Richards in Flames zone.
13:10 of 2nd period - Brad Marchand is hit by Adam Fox and loses puck.
13:59 of 2nd period - Wrist shot by Greg Stewart.
13:59 of 2nd period - Deflect By Jean-Gabriel Pageau.
13:59 of 2nd period - Shot Misses the Net.
13:59 of 2nd period - Puck is out of play.
14:00 of 2nd period - Nikita Kucherov wins face-off versus Bryan Rust in Flames zone.
14:14 of 2nd period - Off-side.
14:15 of 2nd period - Patrik Berglund wins face-off versus Jean-Gabriel Pageau in neutral zone.
14:42 of 2nd period - Mika Zibanejad is hit by Erik Johnson.
14:50 of 2nd period - Wrist shot by Chris Kreider.
14:50 of 2nd period - Goal by Chris Kreider - Flames : 4 - Canadiens : 4.
14:51 of 2nd period - Mika Zibanejad wins face-off versus Eric Staal in neutral zone.
15:20 of 2nd period - Icing by Jean-Gabriel Pageau.
15:21 of 2nd period - Greg Stewart wins face-off versus Patrik Berglund in Canadiens zone.
15:21 of 2nd period - Greg Stewart is hit by Patrik Berglund.
15:28 of 2nd period - Minor Penalty to Christian Folin for Tripping.
15:29 of 2nd period - Mika Zibanejad wins face-off versus Eric Staal in Flames zone.
15:30 of 2nd period - Wrist shot by Nikita Kucherov.
15:30 of 2nd period - Stopped by Henrik Lundqvist without a rebound.
15:31 of 2nd period - Mika Zibanejad wins face-off versus Eric Staal in Flames zone.
15:36 of 2nd period - Wrist shot by Mika Zibanejad.
15:36 of 2nd period - Shot Misses the Net.
15:38 of 2nd period - Snap shot by Chris Kreider.
15:38 of 2nd period - Stopped by Henrik Lundqvist with a rebound.
15:40 of 2nd period - Slapshot by Adam Fox.
15:40 of 2nd period - Shot Blocked by Eric Staal.
15:42 of 2nd period - Slapshot by Chris Kreider.
15:42 of 2nd period - Shot Misses the Net.
15:44 of 2nd period - Slapshot by Kevin Shattenkirk.
15:44 of 2nd period - Shot Blocked by Erik Johnson.
15:46 of 2nd period - Slapshot by Adam Fox.
15:46 of 2nd period - Deflect By Sami Vatanen.
15:46 of 2nd period - Goal by Adam Fox - Flames : 4 - Canadiens : 5.
15:47 of 2nd period - Chris Kreider wins face-off versus Eric Staal in neutral zone.
15:49 of 2nd period - Off-side.
15:50 of 2nd period - Mika Zibanejad wins face-off versus Eric Staal in neutral zone.
15:57 of 2nd period - Brad Marchand is hit by Nikita Kucherov and loses puck.
16:24 of 2nd period - Snap shot by Jean-Gabriel Pageau.
16:24 of 2nd period - Shot Misses the Net.
17:06 of 2nd period - Icing by Esa Lindell.
17:07 of 2nd period - Mika Zibanejad wins face-off versus Anders Lee in Flames zone.
17:08 of 2nd period - Snap shot by Chris Kreider.
17:08 of 2nd period - Shot Misses the Net.
17:14 of 2nd period - Backhand shot by Esa Lindell.
17:14 of 2nd period - Stopped by Robin Lehner without a rebound.
17:15 of 2nd period - Rickard Rakell wins face-off versus Eric Staal in Canadiens zone.
17:28 of 2nd period - Wrist shot by Jean-Gabriel Pageau.
17:28 of 2nd period - Stopped by Henrik Lundqvist without a rebound.
17:29 of 2nd period - Mika Zibanejad wins face-off versus Patrik Berglund in Flames zone.
18:05 of 2nd period - Wrist shot by Eric Staal.
18:05 of 2nd period - Deflect By Brad Marchand.
18:05 of 2nd period - Stopped by Robin Lehner without a rebound.
18:06 of 2nd period - Mike Richards wins face-off versus Eric Staal in Canadiens zone.
18:08 of 2nd period - Minor Penalty to Scott Hartnell for Holding.
18:09 of 2nd period - Mike Richards wins face-off versus Patrik Berglund in Canadiens zone.
18:22 of 2nd period - Icing by Erik Johnson.
18:23 of 2nd period - Patrik Berglund wins face-off versus Mike Richards in Flames zone.
18:23 of 2nd period - Patrik Berglund is hit by Brandon Bollig.
18:39 of 2nd period - Snap shot by Jimmy Hayes.
18:39 of 2nd period - Shot Blocked by Mike Richards.
18:41 of 2nd period - Slapshot by Erik Johnson.
18:41 of 2nd period - Stopped by Robin Lehner with a rebound.
18:43 of 2nd period - Slapshot by Sami Vatanen.
18:43 of 2nd period - Stopped by Robin Lehner with a rebound.
18:45 of 2nd period - Slapshot by Sami Vatanen.
18:45 of 2nd period - Stopped by Robin Lehner with a rebound.
19:00 of 2nd period - Minor Penalty to Mike Richards for Elbowing.
19:01 of 2nd period - Eric Staal wins face-off versus Jean-Gabriel Pageau in Canadiens zone.
19:05 of 2nd period - Wrist shot by Bryan Rust.
19:05 of 2nd period - Stopped by Robin Lehner with a rebound.
19:35 of 2nd period - Mark Stuart is hit by Jimmy Hayes and loses puck.
Goals for this period are 1 for Flames vs 2 for Canadiens.
Shots for this period are 10 for Flames vs 12 for Canadiens.

3rd period


0:01 of 3rd period - Patrik Berglund wins face-off versus Jean-Gabriel Pageau in neutral zone.
0:08 of 3rd period - Penalty to Scott Hartnell is over, Scott Hartnell is back on ice.
0:26 of 3rd period - Sami Vatanen is hit by Mark Stuart.
0:50 of 3rd period - Kevin Shattenkirk is hit by Jimmy Hayes.
1:00 of 3rd period - Penalty to Mike Richards is over, Mike Richards is back on ice.
1:15 of 3rd period - Icing by Colin Wilson.
1:16 of 3rd period - Mika Zibanejad wins face-off versus Colin Wilson in Flames zone.
1:57 of 3rd period - Icing by Kevin Shattenkirk.
1:58 of 3rd period - Mika Zibanejad wins face-off versus Brad Marchand in Canadiens zone.
2:23 of 3rd period - Chris Kreider is hit by Eric Staal and loses puck.
2:30 of 3rd period - Slapshot by Kevin Shattenkirk.
2:30 of 3rd period - Deflect By Brad Marchand.
2:30 of 3rd period - Stopped by Henrik Lundqvist with a rebound.
2:32 of 3rd period - Slapshot by Cam Fowler.
2:32 of 3rd period - Stopped by Henrik Lundqvist with a rebound.
2:46 of 3rd period - Wrist shot by Mika Zibanejad.
2:46 of 3rd period - Shot Misses the Net.
2:48 of 3rd period - Wrist shot by Chris Kreider.
2:48 of 3rd period - Shot Misses the Net.
2:50 of 3rd period - Wrist shot by Chris Kreider.
2:50 of 3rd period - Shot Blocked by Sami Vatanen.
2:52 of 3rd period - Snap shot by Mika Zibanejad.
2:52 of 3rd period - Stopped by Henrik Lundqvist without a rebound.
2:53 of 3rd period - Jean-Gabriel Pageau wins face-off versus Patrik Berglund in Flames zone.
3:23 of 3rd period - Snap shot by Colby Robak.
3:23 of 3rd period - Shot Misses the Net.
4:32 of 3rd period - Brad Marchand is hit by Brandon Bollig and loses puck.
4:55 of 3rd period - Icing by Erik Johnson.
4:56 of 3rd period - Patrik Berglund wins face-off versus Mike Richards in Flames zone.
5:28 of 3rd period - Minor Penalty to Kevin Shattenkirk for Holding Stick.
5:29 of 3rd period - Mike Richards wins face-off versus Patrik Berglund in Canadiens zone.
5:29 of 3rd period - Mike Richards is hit by Patrik Berglund.
6:04 of 3rd period - Brandon Bollig is hit by Tanner Pearson.
6:07 of 3rd period - Off-side.
6:08 of 3rd period - Mike Richards wins face-off versus Patrik Berglund in neutral zone.
6:11 of 3rd period - Snap shot by Scott Hartnell.
6:11 of 3rd period - Deflect By Mike Richards.
6:11 of 3rd period - Stopped by Henrik Lundqvist with a rebound.
6:43 of 3rd period - Wrist shot by Bryan Rust.
6:43 of 3rd period - Deflect By Eric Staal.
6:43 of 3rd period - Stopped by Robin Lehner without a rebound.
6:44 of 3rd period - Patrik Berglund wins face-off versus Mike Richards in Canadiens zone.
6:49 of 3rd period - Wrist shot by Brad Marchand.
6:49 of 3rd period - Shot Blocked by Mike Richards.
7:28 of 3rd period - Penalty to Kevin Shattenkirk is over, Kevin Shattenkirk is back on ice.
7:50 of 3rd period - Wrist shot by Chris Kreider.
7:50 of 3rd period - Stopped by Henrik Lundqvist with a rebound.
7:52 of 3rd period - Snap shot by Mika Zibanejad.
7:52 of 3rd period - Stopped by Henrik Lundqvist with a rebound.
8:02 of 3rd period - Vladimir Sobotka is hit by Greg Stewart and loses puck.
8:07 of 3rd period - Wrist shot by Greg Stewart.
8:07 of 3rd period - Shot Misses the Net.
8:09 of 3rd period - Slapshot by Jean-Gabriel Pageau.
8:09 of 3rd period - Shot Hit the Post.
8:35 of 3rd period - Off-side.
8:36 of 3rd period - Patrik Berglund wins face-off versus Mike Richards in neutral zone.
8:43 of 3rd period - Snap shot by Jordan Szwarz.
8:43 of 3rd period - Deflect By Mike Richards.
8:43 of 3rd period - Shot Blocked by Sami Vatanen.
8:43 of 3rd period - Puck is out of play.
8:44 of 3rd period - Patrik Berglund wins face-off versus Mike Richards in Flames zone.
8:55 of 3rd period - Snap shot by Jordan Szwarz.
8:55 of 3rd period - Shot Blocked by Sami Vatanen.
9:04 of 3rd period - Icing by Tanner Pearson.
9:05 of 3rd period - Jean-Gabriel Pageau wins face-off versus Patrik Berglund in Flames zone.
9:22 of 3rd period - Rickard Rakell is hit by Jimmy Hayes.
9:36 of 3rd period - Mika Zibanejad is hit by Sami Vatanen.
9:57 of 3rd period - Off-side.
9:58 of 3rd period - Mike Richards wins face-off versus Colin Wilson in neutral zone.
10:15 of 3rd period - Minor Penalty to Jordan Szwarz for Roughing.
10:16 of 3rd period - Patrik Berglund wins face-off versus Mike Richards in Canadiens zone.
10:42 of 3rd period - Scott Hartnell is hit by Sami Vatanen and loses puck.
10:47 of 3rd period - Snap shot by Bryan Rust.
10:47 of 3rd period - Deflect By Tanner Pearson.
10:47 of 3rd period - Shot Misses the Net.
10:47 of 3rd period - Puck is out of play.
10:48 of 3rd period - Mike Richards wins face-off versus Eric Staal in Canadiens zone.
11:05 of 3rd period - Wrist shot by Esa Lindell.
11:05 of 3rd period - Deflect By Bryan Rust.
11:05 of 3rd period - Shot Blocked by Brandon Bollig.
11:05 of 3rd period - Puck is out of play.
11:06 of 3rd period - Patrik Berglund wins face-off versus Mike Richards in Canadiens zone.
11:07 of 3rd period - Slapshot by Jimmy Hayes.
11:07 of 3rd period - Stopped by Robin Lehner with a rebound.
11:09 of 3rd period - Slapshot by Erik Johnson.
11:09 of 3rd period - Shot Blocked by Scott Hartnell.
11:11 of 3rd period - Wrist shot by Brad Marchand.
11:11 of 3rd period - Deflect By Jimmy Hayes.
11:11 of 3rd period - Shot Misses the Net.
11:11 of 3rd period - Puck is out of play.
11:12 of 3rd period - Scott Hartnell wins face-off versus Patrik Berglund in Canadiens zone.
11:12 of 3rd period - Scott Hartnell is hit by Jimmy Hayes.
11:40 of 3rd period - Snap shot by Bryan Rust.
11:40 of 3rd period - Stopped by Robin Lehner with a rebound.
11:42 of 3rd period - Snap shot by Tanner Pearson.
11:42 of 3rd period - Deflect By Eric Staal.
11:42 of 3rd period - Shot Blocked by Brandon Bollig.
11:42 of 3rd period - Puck is out of play.
11:43 of 3rd period - Corban Knight wins face-off versus Patrik Berglund in Canadiens zone.
12:15 of 3rd period - Penalty to Jordan Szwarz is over, Jordan Szwarz is back on ice.
12:30 of 3rd period - Wrist shot by Jean-Gabriel Pageau.
12:30 of 3rd period - Shot Misses the Net.
12:32 of 3rd period - Snap shot by Greg Stewart.
12:32 of 3rd period - Stopped by Henrik Lundqvist with a rebound.
12:34 of 3rd period - Slapshot by Sean Zimmerman.
12:34 of 3rd period - Deflect By Rickard Rakell.
12:34 of 3rd period - Goal by Rickard Rakell - Flames : 4 - Canadiens : 6.
12:35 of 3rd period - Eric Staal wins face-off versus Jean-Gabriel Pageau in neutral zone.
12:38 of 3rd period - Mark Stuart is hit by Brad Marchand and loses puck.
13:01 of 3rd period - Tanner Pearson is hit by Mika Zibanejad and loses puck.
13:28 of 3rd period - Snap shot by Mike Richards.
13:28 of 3rd period - Deflect By Jordan Szwarz.
13:28 of 3rd period - Stopped by Henrik Lundqvist with a rebound.
14:06 of 3rd period - Snap shot by Kyle Palmieri.
14:06 of 3rd period - Goal by Kyle Palmieri - Flames : 5 - Canadiens : 6.
14:07 of 3rd period - Eric Staal wins face-off versus Jean-Gabriel Pageau in neutral zone.
14:20 of 3rd period - Slapshot by Brad Marchand.
14:20 of 3rd period - Deflect By Eric Staal.
14:20 of 3rd period - Stopped by Robin Lehner with a rebound.
14:22 of 3rd period - Slapshot by Eric Staal.
14:22 of 3rd period - Shot Misses the Net.
14:24 of 3rd period - Snap shot by Bryan Rust.
14:24 of 3rd period - Shot Misses the Net.
16:02 of 3rd period - Slapshot by Anders Lee.
16:02 of 3rd period - Stopped by Robin Lehner with a rebound.
16:24 of 3rd period - Snap shot by Jordan Szwarz.
16:24 of 3rd period - Shot Misses the Net.
16:29 of 3rd period - Snap shot by Scott Hartnell.
16:29 of 3rd period - Shot Misses the Net.
16:31 of 3rd period - Snap shot by Jordan Szwarz.
16:31 of 3rd period - Shot Misses the Net.
16:53 of 3rd period - Sean Zimmerman is hit by Brendan Mikkelson and loses puck.
17:16 of 3rd period - Snap shot by Jean-Gabriel Pageau.
17:16 of 3rd period - Shot Misses the Net.
18:40 of 3rd period - Brandon Bollig is hit by Erik Johnson and loses puck.
19:02 of 3rd period - Brian Dumoulin is hit by David Ullstrom and loses puck.
19:12 of 3rd period - Erik Johnson is hit by Jean-Gabriel Pageau and loses puck.
19:27 of 3rd period - Flames, Henrik Lundqvist is pulled from the net.
19:32 of 3rd period - Icing by Jean-Gabriel Pageau.
19:33 of 3rd period - Jean-Gabriel Pageau wins face-off versus Eric Staal in Canadiens zone.
19:53 of 3rd period - Off-side.
19:54 of 3rd period - Lindy Ruff call a timeout for Flames.
19:54 of 3rd period - Eric Staal wins face-off versus Jordan Szwarz in neutral zone.
Goals for this period are 1 for Flames vs 1 for Canadiens.
Shots for this period are 6 for Flames vs 9 for Canadiens.